 Dungeon Crawl Stone Soup version 0.28-a0-1182-g381e24db82 (webtiles) character file.

Game seed: 6835168961397705218

4982 jtrev the Basher (level 10, -1/61 HPs)
             Began as a Gargoyle Berserker on Dec 16, 2021.
             Was a Priest of Trog.
             Shot with an arrow by a centaur (5 damage)
             ... on level 8 of the Dungeon.
             The game lasted 00:30:13 (10081 turns).

jtrev the Basher (Gargoyle Berserker)              Turns: 10081, Time: 00:30:14

Health: -1/61      AC: 22    Str: 31    XL:     10   Next: 53%
Magic:  10/10      EV: 10    Int:  8    God:    Trog [***...]
Gold:   328        SH:  7    Dex:  9    Spells: 9/9 levels left

rFire   . . .      SeeInvis .   e - +1 mace (protect)
rCold   . . .      Faith    +   p - +3 buckler
rNeg    + + .      Spirit   .   B - +0 chain mail
rPois   ∞          Reflect  .   o - +2 helmet
rElec   +          Harm     .   (no cloak)
rCorr   .          Rampage  +   (no gloves)
Will    ++...                   d - +1 pair of boots {rampage}
Stlth   ..........              b - amulet of faith {!P}
HPRegen 1.20/turn               u - ring of positive energy
MPRegen 0.12/turn               l - +6 ring of strength

@: strong-willed, on berserk cooldown, regenerating, slowed, very slow
A: sickness immunity, AC +7, negative energy resistance 1, electricity
resistance, torment resistance 1, petrification resistance
a: Renounce Religion, Berserk, Trog's Hand


You were on level 8 of the Dungeon.
You worshipped Trog.
Trog was most pleased with you.
You visited 2 branches of the dungeon, and saw 9 of its levels.

You collected 328 gold pieces.

Inventory:

Hand Weapons
 e - a +1 mace of protection (weapon)
   (You found it on level 1 of the Dungeon)
 y - a -1 eveningstar of chaos
   (You found it on level 5 of the Dungeon)
Armour
 d - a +1 pair of boots of rampaging (worn)
   (You found it on level 7 of the Dungeon)
 o - a +2 helmet (worn)
   (You found it on level 3 of the Dungeon)
 p - a +3 buckler (worn)
   (You found it on level 5 of the Dungeon)
 v - a +0 tower shield
   (You found it on level 4 of the Dungeon)
 B - a +0 chain mail (worn)
   (You took it off an orc warrior on level 6 of the Dungeon)
Jewellery
 b - an amulet of faith (around neck) {!P}
   (You found it on level 4 of the Dungeon)
 l - a +6 ring of strength (right hand)
   (You found it on level 7 of the Dungeon)
 u - a ring of positive energy (left hand)
   (You found it on level 4 of the Dungeon)
Wands
 x - a wand of acid (5)
   (You found it on level 7 of the Dungeon)
Scrolls
 a - a scroll of identify {@r1}
 c - a scroll of enchant weapon
 k - 2 scrolls of teleportation {@r4}
 r - a scroll of summoning {unknown}
 w - 2 scrolls of amnesia
Potions
 f - a potion of brilliance {unknown}
 g - 2 potions of might
 h - 4 potions of ambrosia
 i - a potion of heal wounds {unknown}
 j - a potion of haste {@q3}
 m - 5 potions of curing {@q1}
 n - 2 potions of cancellation
 q - 2 potions of magic
 s - a potion of lignification {unknown}
 z - a potion of attraction {unknown}
 A - 2 potions of resistance {unknown}


   Skills:
 + Level 6.5 Fighting
 + Level 12.1 Maces & Flails
 + Level 6.0 Armour
 + Level 4.5 Dodging
 - Level 4.0 Shields


You had 9 spell levels left.
You didn't know any spells.
Your spell library was empty.

Dungeon Overview and Level Annotations

Branches:
Dungeon (8/15)             Temple (1/1) D:7
   Lair: D:8-11

Altars:
Cheibriados
Elyvilon
Gozag
Makhleb
Qazlal
Sif Muna
Trog
Vehumet
Wu Jian
Xom
The Shining One

Shops:
D:1 =   D:4 :   D:8 :

Annotations:
D:8 1 runed translucent door, spaghetti's ghost, amateur OpDe


Innate Abilities, Weirdness & Mutations

You are immune to sickness and miasma.
Your stone body is resilient. (AC +7)
You are immune to poison.
You resist negative energy. (rN+)
You are resistant to electric shocks. (rElec)
You are resistant to unholy torment.
You are immune to petrification.


Message History

The centaur shoots an arrow.
Reactivating autopickup.
You feel a bit more experienced.
The centaur shoots an arrow.
The arrow hits you.
* * * LOW HITPOINT WARNING * * *
The orc priest hits you but does no damage.
Your ogre rages.
The steam dragon bites your ogre. The steam dragon claws your ogre.
The centaur shoots an arrow.
The arrow hits your ogre!
Your ogre completely misses the centaur.
The orc priest looks satisfied for a moment.
The steam dragon bites your ogre. The steam dragon claws your ogre.
The centaur shoots an arrow.
The arrow barely misses your ogre. The arrow hits you but does no damage.
Your ogre hits the steam dragon with a +0 giant club!!
The centaur shoots an arrow.
The arrow hits your ogre! The orc priest barely misses you.
The steam dragon bites your ogre!
Your ogre dies!
Your ogre's corpse disappears in a puff of smoke!
The centaur shoots an arrow.
The arrow closely misses you.
The steam dragon hisses angrily.
Unknown command.
You sock the orc priest!
Your weapon exudes an aura of protection.
The orc priest hits you but does no damage.
You block the orc priest's attack.
Unknown command.
Unknown command.
You closely miss the orc priest.
The centaur unwields a +0 shortbow.
You block the centaur's attack.
The centaur kicks you but does no damage.
The orc priest barely misses you.
Unknown command.
You block the centaur's attack. x2
The orc priest mumbles some strange prayers to Beogh against you.
Beogh smites you!
* * * LOW HITPOINT WARNING * * *
The centaur hits you but does no damage.
The centaur kicks you but does no damage.
Your polar bear goes berserk!
You can no longer call in reinforcements.
You block the centaur's attack.
The centaur kicks you but does no damage.
The orc priest closely misses you. The centaur hits you.
* * * LOW HITPOINT WARNING * * *
The centaur barely misses you.
The orc priest hits you but does no damage.
The centaur wields a +0 shortbow.
The centaur shoots an arrow.
The arrow hits you.
You die...

......)............#
...##.#.#..#.####.## .#
...##.o.#..#.####.######.##
#...........#...............
#........##†#..###..........
#.........oD...# #.####.#.##
.......#.##c#..# #.# #.....
#......#.##.#..# #.###..####
#...#..#.$#@#..# #..........
.......#..#h#..# #.###..####
..... ........#######..#
..^............####
....!...............
....#...#######...... .##..
...# #...... .# #. #.. ...#
##..∩.. . ...########..#..


You could see a steam dragon, a centaur (ally target), an orc priest and a
friendly polar bear (summoned, berserk).

Vanquished Creatures
  A deep elf pyromancer (D:6)
  4 kobold demonologists (D:7)
  A hornet (D:8)
  Duvessa (D:6)
  2 orc warriors
  2 sky beasts (D:6)
  4 ogres
  A necrophage (D:3)
  A kobold brigand (D:7)
  A bullfrog (D:7)
  10 scorpions
  A water moccasin zombie (D:6)
  2 wyvern skeletons (D:7)
  Dowan (D:6)
  A water moccasin skeleton (D:5)
  5 wights (D:5)
  2 centaur zombies
  4 hounds
  An orc priest (D:8)
  3 jellies
  A gnoll shaman (D:4)
  A bullfrog skeleton (D:6)
  3 iguanas
  8 orc wizards
  A howler monkey zombie (D:8)
  A howler monkey skeleton (D:7)
  7 gnolls
  9 adders
  A white imp (D:6)
  An adder skeleton (D:4)
  2 worms
  2 dart slugs
  12 orcs
  12 ball pythons
  7 endoplasms
  3 giant cockroaches
  13 goblins
  5 hobgoblins
  2 jackals (D:1)
  8 quokkas
  11 bats
  4 frilled lizards
  A jackal skeleton (D:4)
  15 kobolds
  4 rats
182 creatures vanquished.

Vanquished Creatures (others)
  A sky beast (D:8)
1 creature vanquished.

Grand Total: 183 creatures vanquished

Notes
Turn   | Place    | Note
-------+----------+-------------------------------------------
     0 | D:1      | jtrev the Gargoyle Berserker began the quest for the Orb.
     0 | D:1      | Reached XP level 1. HP: 14/14 MP: 1/1
    68 | D:1      | Found Olyrosm's Jewellery Boutique.
   477 | D:1      | Reached XP level 2. HP: 18/19 MP: 2/2
   816 | D:1      | Reached skill level 4 in Maces & Flails
   925 | D:1      | Reached XP level 3. HP: 23/23 MP: 3/3
  1011 | D:1      | Found a faded altar of an unknown god.
  1054 | D:1      | Reached ** piety under Trog
  1609 | D:2      | Found a white marble altar of Elyvilon.
  2122 | D:2      | Reached XP level 4. HP: 23/28 MP: 4/4
  2894 | D:3      | Reached skill level 5 in Maces & Flails
  3726 | D:4      | Noticed an ogre
  3736 | D:4      | Killed an ogre
  3737 | D:4      | Reached skill level 6 in Maces & Flails
  3737 | D:4      | Reached XP level 5. HP: 27/32 MP: 5/5
  3870 | D:4      | Found Cusigeeh's Book Boutique.
  4036 | D:4      | Noticed a necrophage
  4046 | D:4      | Reached XP level 6. HP: 37/37 MP: 6/6
  4087 | D:3      | Killed a necrophage
  4088 | D:3      | Reached skill level 7 in Maces & Flails
  4685 | D:4      | Reached XP level 7. HP: 41/41 MP: 7/7
  4691 | D:4      | Reached skill level 8 in Maces & Flails
  4715 | D:4      | Found a shimmering blue altar of Sif Muna.
  4716 | D:4      | Found a burning altar of Makhleb.
  4742 | D:4      | Reached *** piety under Trog
  5118 | D:5      | Entered Level 5 of the Dungeon
  5396 | D:5      | Reached skill level 1 in Shields
  5534 | D:5      | Reached XP level 8. HP: 32/46 MP: 8/8
  5661 | D:5      | Reached skill level 9 in Maces & Flails
  6601 | D:5      | Reached skill level 10 in Maces & Flails
  6919 | D:6      | Reached XP level 9. HP: 37/51 MP: 9/9
  7068 | D:6      | Found a stormy altar of Qazlal.
  7089 | D:6      | Reached skill level 11 in Maces & Flails
  7139 | D:6      | Found an opulent altar of Gozag.
  7139 | D:6      | Found a snail-covered altar of Cheibriados.
  7140 | D:6      | Found a radiant altar of Vehumet.
  7363 | D:6      | Noticed Dowan
  7373 | D:6      | Noticed Duvessa
  7380 | D:6      | Killed Dowan
  7393 | D:6      | Killed Duvessa
  7618 | D:6      | Noticed a deep elf pyromancer
  7628 | D:6      | Killed a deep elf pyromancer
  8187 | D:7      | Found a staircase to the Ecumenical Temple.
  8274 | D:7      | Reached skill level 5 in Fighting
  8338 | Temple   | Entered the Ecumenical Temple
  8470 | D:7      | Reached **** piety under Trog
  9225 | D:5      | Reached skill level 5 in Armour
  9225 | D:5      | Reached XP level 10. HP: 60/60 MP: 10/10
  9416 | D:8      | Noticed a kobold demonologist
  9416 | D:8      | Noticed a kobold demonologist
  9416 | D:8      | Noticed a kobold demonologist
  9416 | D:8      | Noticed a kobold demonologist
  9426 | D:7      | Killed a kobold demonologist
  9429 | D:7      | Noticed a sixfirhy
  9432 | D:7      | Killed a kobold demonologist
  9442 | D:7      | Killed a kobold demonologist
  9571 | D:7      | Killed a kobold demonologist
  9572 | D:7      | Reached skill level 12 in Maces & Flails
  9967 | D:8      | Found a runed translucent door.
  9971 | D:8      | Noticed spaghetti's ghost (amateur OpDe)
  9998 | D:8      | Found Owudis's Book Emporium.
 10079 | D:8      | HP: 2/61 [orc priest/divine providence (11)]
 10081 | D:8      | Shot with an arrow by a centaur

Illustrated notes

Levels and vault maps discovered:
D:1:      shiori_arrival_elements, layout_loops_corners, serial_shops, shop,
          hellmonk_ecumenical_altar_prayer_group, minmay_unequal
D:2:      layout_rooms, basic_altar, serial_co_window_serial,
          co_window_of_opportunity_a, co_window_of_opportunity_a,
          co_window_corner_a, co_window_paths_a, co_window_paths_a,
          co_window_corner_b, co_window_corner_b, co_window_paths_c,
          co_window_corner_cb, co_window_cross_4, co_window_unsneaky_path_c,
          glass_columns_a, glass_columns_a
D:3:      layout_loops_cross, chequers_serial_rivers_marsh
D:4:      layout_loops_cross, gammafunk_temple_overflow_pools, serial_shops,
          shop
D:5:      old_forge, layout_cave_pods, minivault_14
D:6:      layout_gridville, nicolae_qazlal_general_emergency,
          chequers_temple_overflow_statue_of_worship, guppyfry_early_elven_hall,
          uniq_duvessa
D:7:      layout_basic, minmay_temple_entry_poolview, enter_bailey_7,
          serial_glass, glass_columns_b, glass_columns_a
D:8:      layout_basic, hellmonk_ghost_happy_afterlife, serial_shops, shop
Temple:   eino_temple_rhombus

Skill      XL: |  1  2  3  4  5  6  7  8  9 10 |
---------------+-------------------------------+-----
Maces & Flails | 4 6 7 8 10 11 12 | 12.1
Shields        | 3 4 |  4.0
Dodging        | 3 4 |  4.5
Fighting       | 5 6 |  6.5
Armour         | 5 6 |  6.0

Action                   |  1- 3 |  4- 6 |  7- 9 | 10-12 || total
-------------------------+-------+-------+-------+-------++-------
Melee: Mace              |   104 |   162 |   438 |    85 ||   789
Invok: Berserk           |     1 |     3 |     7 |     3 ||    14
       Trog's Hand       |       |     1 |       |     1 ||     2
       Brothers in Arms  |       |       |       |     2 ||     2
  Use: Scroll            |       |       |    13 |       ||    13
 Stab: Sleeping          |       |     2 |       |       ||     2
       Held in net/web   |       |       |     1 |       ||     1
Armor: Animal skin       |    50 |    13 |       |       ||    63
       Skin              |       |    27 |       |       ||    27
       Scale mail        |       |    69 |   186 |       ||   255
       Chain mail        |       |       |    86 |    81 ||   167
Dodge: Dodged            |    74 |   107 |   152 |    34 ||   367
Block: Buckler           |       |       |    82 |    45 ||   127

Table legend: (Time is in decaauts)
 A = Elapsed time spent in this place.
 B = Non-inter-level travel time spent in this place.
 C = Inter-level travel time spent in this place.
 D = Time resting spent in this place.
 E = Time spent auto-exploring this place.
 F = Levels seen in this place.
 G = Mean time per level.
                   A        B        C        D        E       F      G
               +--------+--------+--------+--------+--------+-----+--------+
         Total |  10182 |   8884 |   1298 |   1585 |   5553 |   9 | 1131.3 |
       Dungeon |  10181 |   8883 |   1298 |   1585 |   5553 |   8 | 1272.6 |
        Temple |      1 |      1 |      0 |      0 |      0 |   1 |    1.0 |
               +--------+--------+--------+--------+--------+-----+--------+

Top non-repeatable levels by time:
     D:7: 1603 daAuts
     D:1: 1589 daAuts
     D:5: 1577 daAuts
     D:6: 1367 daAuts
     D:3: 1357 daAuts
     D:4: 1221 daAuts
     D:2: 1151 daAuts
     D:8: 313 daAuts
  Temple: 1 daAuts
